[Event "BLR-ch Youth U20 2019"]
[Site "Kobryn"]
[Date "2019.05.18"]
[Round "8.2"]
[White "Papunidi, Matvey"]
[Black "Strybuk, Artsiom I"]
[Result "0-1"]
[ECO "A03"]
[WhiteElo "2148"]
[BlackElo "2294"]
[Annotator "NA"]
[PlyCount "73"]
[EventDate "2019.05.11"]
[EventType "tourn"]
[EventCountry "BLR"]
[SourceTitle "playchess.com"]
[Source "ChessBase"]
[SourceQuality "1"]
[TimeControl "40/5400+30:1800+30"]

1. f4 d5 2. Nf3 Bg4 3. e3 Nc6 4. Be2 e6 5. O-O Bd6 6. b3 Nge7 7. Bb2 f6 8. Nc3 $11 Qd7 9. Nb5 O-O-O 10. a4 Kb8 11. Nfd4 Bxe2 12. Qxe2 Bc5 13. Qg4 Bxd4 14. Nxd4 Nf5 15. Nxf5 exf5 16. Qf3 d4 17. d3 Rhe8 18. exd4 Nxd4 19. Bxd4 Qxd4+ 20. Qf2 Qc3 21. Rae1 a5 22. Re2 Rxe2 23. Qxe2 b6 24. Re1 Rd6 25. Qf2 Rc6 26. g3 Qxc2 27. Qxc2 Rxc2 28. Re7 g5 29. fxg5 fxg5 30. Rxh7 Rc3 31. Rh5 g4 32. Rxf5 Rxb3 33. Rf4 Rb4 34. Kf2 Kb7 35. Ke3 c5 36. Rc4 Kc6 37. Rf4 0-1

[Event "BLR-ch Youth U20 2019"]
[Site "Kobryn"]
[Date "2019.05.18"]
[Round "8.3"]
[White "Nikitenko, Mihail"]
[Black "Siniauski, Artsiom"]
[Result "1-0"]
[ECO "C07"]
[WhiteElo "2417"]
[BlackElo "2219"]
[Annotator "NA"]
[PlyCount "65"]
[EventDate "2019.05.11"]
[EventType "tourn"]
[EventCountry "BLR"]
[SourceTitle "playchess.com"]
[Source "ChessBase"]
[SourceQuality "1"]
[TimeControl "40/5400+30:1800+30"]

1. e4 e6 2. d4 d5 3. Nd2 c5 4. exd5 Qxd5 5. Ngf3 cxd4 6. Bc4 Qd6 7. O-O Nf6 8. Nb3 Nc6 9. Nbxd4 Nxd4 10. Nxd4 a6 11. Bb3 Qc7 12. Qf3 Bd6 13. h3 O-O 14. Bg5 Nd7 15. c3 Ne5 16. Qh5 Ng6 17. Bc2 b6 18. Rad1 Bb7 19. Rfe1 Qc5 20. Qg4 Ne5 21. Qe2 Ng6 $11 22. Qg4 Ne5 23. Qh5 Ng6 24. Nb3 Qc7 25. Rd4 h6 26. Bxh6 gxh6 27. Bxg6 Bh2+ 28. Kh1 Bf4 29. Be4 e5 30. Qg4+ Kh8 31. Rd7 Bxe4 32. Rxc7 Rg8 33. Rxe4 1-0

[Event "BLR-ch Youth U20 2019"]
[Site "Kobryn"]
[Date "2019.05.18"]
[Round "8.4"]
[White "Navumenka, Mikhei"]
[Black "Runets, Ivan"]
[Result "0-1"]
[ECO "A14"]
[WhiteElo "2147"]
[BlackElo "2123"]
[Annotator "NA"]
[PlyCount "120"]
[EventDate "2019.05.11"]
[EventType "tourn"]
[EventCountry "BLR"]
[SourceTitle "playchess.com"]
[Source "ChessBase"]
[SourceQuality "1"]
[TimeControl "40/5400+30:1800+30"]

1. c4 Nf6 2. g3 e6 3. Bg2 d5 4. Nf3 Be7 5. b3 O-O 6. Bb2 Nbd7 7. O-O b6 8. cxd5 exd5 9. Nd4 Bb7 10. Nf5 Re8 11. Nxe7+ Qxe7 12. Re1 Rab8 13. e3 Ne5 14. Qe2 c5 15. d4 Ned7 $14 16. Nd2 Qe6 17. Rac1 Ne4 18. Red1 h6 19. Nxe4 dxe4 20. Qc4 Qxc4 21. Rxc4 Rbd8 22. Rdc1 a5 23. Bh3 Ba6 24. R4c2 Bd3 25. Rd2 cxd4 26. Bxd4 b5 27. f4 Nf8 28. Bb6 Ra8 29. Bf1 Bxf1 30. Kxf1 Reb8 31. Bd4 a4 32. Be5 Rb7 33. b4 a3 34. Rcd1 f6 35. Ba1 Rc7 36. Bd4 Rc4 37. Rb1 Ne6 38. Bb6 Rac8 39. Rb3 R8c6 40. Bd4 Rc1+ 41. Kf2 Nxd4 42. exd4 R6c3 43. Rxc3 Rxc3 44. Ke2 Kf7 45. d5 Ke7 46. d6+ Kd7 47. Rd5 Rc2+ 48. Ke3 Rxa2 49. Rxb5 Ra1 50. Kxe4 a2 51. Ra5 Re1+ 52. Kf5 a1=Q 53. Rxa1 Rxa1 54. Kg6 Rh1 55. Kxg7 Rxh2 56. Kxf6 Rg2 57. f5 Rxg3 58. Kf7 h5 59. b5 Kxd6 60. f6 Ke5 0-1

[Event "BLR-ch Youth U20 2019"]
[Site "Kobryn"]
[Date "2019.05.18"]
[Round "8.5"]
[White "Zarubitski, Viachaslau"]
[Black "Silich, Yahor"]
[Result "1-0"]
[ECO "A02"]
[WhiteElo "2416"]
[BlackElo "2170"]
[Annotator "RC"]
[PlyCount "81"]
[EventDate "2019.05.11"]
[EventType "tourn"]
[EventCountry "BLR"]
[SourceTitle "playchess.com"]
[Source "ChessBase"]
[SourceQuality "1"]
[TimeControl "40/5400+30:1800+30"]

1. f4 g6 2. Nf3 Bg7 3. g3 d6 4. Bg2 e5 5. Nc3 Ne7 6. O-O Nbc6 7. d3 O-O 8. Kh1 h6 9. e4 Be6 10. Be3 exf4 11. Bxf4 d5 12. Qe2 d4 13. Nb5 Rc8 14. a4 a6 15. Na3 g5 16. Bd2 Ng6 17. Nc4 g4 18. Ng1 b5 19. axb5 axb5 20. Na5 Nce5 21. Nb7 Qe7 22. b4 Rce8 23. Nc5 Bc8 24. Qf2 h5 25. Ne2 h4 26. gxh4 Nxh4 27. Nxd4 Nxg2 28. Qxg2 Ng6 29. c3 Nh4 30. Qg3 f5 31. exf5 Nxf5 32. Nxf5 Bxf5 33. Qg2 Qd6 34. d4 Qg6 35. Rae1 Kh7 36. Kg1 Bf6 37. Rxe8 Rxe8 38. Qd5 Bc8 39. Rxf6 Qxf6 40. Qh5+ Kg7 41. Qxe8 1-0

[Event "BLR-ch Youth U20 2019"]
[Site "Kobryn"]
[Date "2019.05.19"]
[Round "9.2"]
[White "Runets, Ivan"]
[Black "Papunidi, Matvey"]
[Result "1/2-1/2"]
[ECO "E33"]
[WhiteElo "2123"]
[BlackElo "2148"]
[Annotator "NA RC"]
[PlyCount "74"]
[EventDate "2019.05.11"]
[EventType "tourn"]
[EventCountry "BLR"]
[SourceTitle "playchess.com"]
[Source "ChessBase"]
[SourceQuality "1"]
[TimeControl "40/5400+30:1800+30"]

1. d4 Nf6 2. Nf3 e6 3. c4 Nc6 4. Nc3 Bb4 5. Qc2 O-O 6. Bd2 d6 7. a3 Bxc3 8. Bxc3 Qe7 9. e3 e5 10. d5 {[%emt 0:00:02] E33: Nimzo-Indian: Classical: 4...Nc6} Nb8 11. Nd2 a5 12. b4 (12. b3 c6 13. dxc6 Nxc6 14. Bd3 Be6 15. O-O d5 16. cxd5 Bxd5 17. Rfd1 Rac8 {½-½ (17) Wagner,D (2580)-Nisipeanu,L (2670) Skopje 2019}) 12... axb4 13. axb4 Rxa1+ 14. Bxa1 Ne8 $146 ({Predecessor:} 14... b5 $11 15. e4 bxc4 16. Bxc4 Nh5 17. O-O Nf4 {½-½ (56) Nowak,K (1823)-Walter,S (2078) Wroclaw 2017}) 15. Bd3 f5 16. O-O Nf6 17. Bb2 c6 18. dxc6 Nxc6 19. Qc3 Be6 20. b5 Nb8 21. Ra1 Nbd7 22. Nb3 Ne4 23. Qc2 Ndc5 24. Nxc5 Nxc5 25. Bf1 Rc8 26. Qc3 Qf7 27. Qb4 h6 28. Rd1 Qc7 29. f3 b6 30. Qd2 Nb7 31. Ba3 $11 Rd8 32. Qd3 d5 33. cxd5 Rxd5 34. Rc1 Qxc1 35. Bxc1 Rxd3 36. Bxd3 Nd6 37. Ba3 Nc4 1/2-1/2

[Event "BLR-ch Youth U20 2019"]
[Site "Kobryn"]
[Date "2019.05.19"]
[Round "9.4"]
[White "Siniauski, Artsiom"]
[Black "Galkin, Gleb"]
[Result "0-1"]
[ECO "C95"]
[WhiteElo "2219"]
[BlackElo "2163"]
[Annotator "NA RC"]
[PlyCount "112"]
[EventDate "2019.05.11"]
[EventType "tourn"]
[EventCountry "BLR"]
[SourceTitle "playchess.com"]
[Source "ChessBase"]
[SourceQuality "1"]
[TimeControl "40/5400+30:1800+30"]

1. e4 e5 2. Nf3 Nc6 3. Bb5 a6 4. Ba4 Nf6 5. O-O Be7 6. Re1 b5 7. Bb3 O-O 8. h3 d6 9. c3 Nb8 10. d4 Nbd7 11. Nbd2 Bb7 12. Bc2 Re8 13. a4 Bf8 14. Bd3 c6 15. Qc2 {[%emt 0:05:23] C95: Closed Ruy Lopez: Breyer Variation with 10 d4} (15. b3 g6 16. Qc2 Nh5 17. Bf1 Nf4 18. g3 Ne6 19. Bb2 Bg7 20. b4 Nb6 21. axb5 axb5 22. dxe5 Rxa1 23. Rxa1 dxe5 24. c4 Nd4 25. Bxd4 exd4 {½-½ (73) Inarkiev,E (2684)-Alekseenko,K (2621) Yaroslavl 2018}) 15... Rc8 16. b3 g6 17. Bb2 Bg7 18. Rac1 Qc7 19. axb5 $146 ({Predecessor:} 19. b4 Nb6 20. axb5 cxb5 21. d5 Bh6 22. Qd1 Nh5 23. g3 {1-0 (38) Ladopoulos,D (2197)-Tsekmes,D (1886) Thessaloniki 2015}) 19... cxb5 20. d5 Nc5 21. b4 Nxd3 22. Qxd3 Nd7 23. c4 Qb6 24. cxb5 Qxb5 25. Qxb5 axb5 26. Nb3 Nb6 27. Na5 Ba8 28. Nd2 f5 29. f3 Bh6 30. Rxc8 Rxc8 31. Ndb3 Na4 32. Re2 Nxb2 33. Rxb2 fxe4 34. fxe4 Be3+ 35. Kf1 Bb6 36. Ke2 Kf7 37. Kd3 Ke7 38. Nd2 Kd7 39. Nb1 Bxa5 40. bxa5 Bb7 41. Na3 Ra8 42. Nxb5 Rxa5 43. Nxd6 Ba6+ 44. Nc4 Ra3+ 45. Kd2 Bxc4 46. Rb7+ Kd6 47. Rxh7 Kc5 48. Rc7+ Kd4 49. d6 Ra6 50. d7 Rd6 51. Rc6 Rxd7 52. Rxg6 Kxe4+ 53. Ke1 Kd3 54. h4 e4 55. h5 e3 56. h6 Kc2 0-1